 Dungeon Crawl Stone Soup version 0.31-a0-523-g071a6c1ffa (webtiles) character file.

Game seed: 9857736766369765293

199 arthad the Grasshopper (level 5, -1/43 HPs)
             Began as a Gnoll Warper on Aug 11, 2023.
             Slain by an iguana (5 damage)
             ... on level 5 of the Dungeon.
             The game lasted 00:07:47 (2628 turns).

arthad the Grasshopper (Gnoll Warper)               Turns: 2628, Time: 00:07:47

Health: -1/43      AC:  4    Str: 12    XL:     5   Next: 77%
Magic:  7/12       EV: 13    Int: 13    God:
Gold:   72         SH:  0    Dex: 11    Spells: 7/14 levels left

rFire   . . .        a - +0 spear
rCold   . . .        (no shield)
rNeg    . . .        b - +0 leather armour
rPois   .            (no helmet)
rElec   .            n - +0 cloak
rCorr   .            (no gloves)
SInv    .            (no boots)
Will    .....        (no amulet)
Stlth   +            (no ring)
HPRegen 0.27/turn    (no ring)
MPRegen 0.13/turn

%: no passive effects
@: on blink cooldown, invisible
A: fangs 1, strong nose, distributed training
a: no special abilities


You were on level 5 of the Dungeon.
You visited 1 branch of the dungeon, and saw 5 of its levels.

You collected 72 gold pieces.

Inventory:

Hand Weapons
 a - a +0 spear (weapon)
Missiles
 d - 7 darts of dispersal
 e - 5 javelins (quivered)
 l - 3 boomerangs
 m - 6 poisoned darts
Armour
 b - a +0 leather armour (worn)
 n - a +0 cloak (worn)
 p - the +9 plate armour of the Ant {rElec rC+ Stlth+}
   (You found it on level 4 of the Dungeon)

   rC+:       It protects you from cold.
   rElec:     It insulates you from electricity.
   Stlth+:    It makes you more stealthy.
Jewellery
 f - a ring of ice
Scrolls
 c - 2 scrolls of blinking
 g - a scroll of enchant weapon {unknown}
 i - 2 scrolls of teleportation {unknown}
 j - 3 scrolls of revelation {unknown}
 r - a scroll of silence {unknown}
 s - a scroll of identify {unknown}
Potions
 h - a potion of invisibility
 k - a potion of resistance {unknown}
 o - a potion of mutation {unknown}
 q - a potion of lignification {unknown}


   Skills:
 + Level 4.8 Fighting
 + Level 1.6 Short Blades
 + Level 1.6 Long Blades
 + Level 1.6 Axes
 + Level 1.6 Maces & Flails
 + Level 4.8 Polearms
 + Level 1.6 Staves
 + Level 1.6 Ranged Weapons
 + Level 3.1 Throwing
 + Level 3.1 Armour
 + Level 4.8 Dodging
 + Level 1.6 Stealth
 + Level 1.6 Shields
 + Level 1.6 Unarmed Combat
 + Level 5.2 Spellcasting
 + Level 1.3 Conjurations
 + Level 1.3 Hexes
 + Level 1.3 Summonings
 + Level 1.3 Necromancy
 + Level 5.6 Translocations
 + Level 1.3 Transmutations
 + Level 1.3 Fire Magic
 + Level 1.3 Ice Magic
 + Level 1.3 Air Magic
 + Level 1.3 Earth Magic
 + Level 1.3 Poison Magic
 + Level 1.9 Invocations
 + Level 1.6 Evocations
 + Level 1.3 Shapeshifting


You had 7 spell levels left.
You knew the following spells:

 Your Spells              Type           Power      Damage    Failure   Level
a - Blink                 Tloc           36%        N/A       3%          2
b - Lesser Beckoning      Tloc           36%        N/A       3%          2
c - Teleport Other        Tloc           18%        N/A       7%          3

Your spell library contained the following spells:

 Spells                   Type           Power      Damage    Failure   Level
 Vhi's Electric Charge    Tloc/Air       24%        N/A       17%         3
 Volatile Blastmotes      Fire/Tloc      24%        2d12      17%         3
 Manifold Assault         Tloc           18%        N/A       22%         4
 Dazzling Flash           Conj/Hex       12%        N/A       38%         3
 Starburst                Conj/Fire      3%         6d3       100%        6
 Maxwell's Capacitive Co  Air            3%         โˆž       100%        8


Dungeon Overview and Level Annotations

Branches:
Dungeon (5/15)             Temple (0/1) D:5

Altars:
Ashenzari
Fedhas
Kikubaaqudgha
Okawaru
Qazlal
Trog
Xom
Yredelemnul
The Shining One

Shops:
D:1 (


Innate Abilities, Weirdness & Mutations

You have very sharp teeth.
Your uncanny sense of smell can sniff out nearby items.
Your experience applies equally to all skills.


Message History

The iguana is moderately wounded.
The iguana bites you!
You are too injured to fight recklessly!
You are too injured to fight recklessly!
You are too injured to fight recklessly!
You are too injured to fight recklessly!
You are too injured to fight recklessly!
You are too injured to fight recklessly!
You are too injured to fight recklessly!
You are too injured to fight recklessly!
You are too injured to fight recklessly!
You barely miss the iguana.
The iguana is moderately wounded.
You completely miss the iguana.
The iguana is moderately wounded.
The iguana bites you but does no damage.
You hit the iguana but do no damage.
The iguana is moderately wounded.
The iguana closely misses you.
You closely miss the iguana.
The iguana is moderately wounded.
The iguana bites you!
* * * LOW HITPOINT WARNING * * *
It was a potion of invisibility.
You fade into invisibility!
The iguana closely misses you.
Found 16 gold pieces.
Found a staircase to the Ecumenical Temple. 2 jackals and a scorpion come into view.
Casting: Blink (safe; 3% risk of failure)
Confirm with . or Enter, or press ? or * to list all spells.
You blink.
The iguana bites you!
* * * LOW HITPOINT WARNING * * *
Casting: Blink (safe; 3% risk of failure)
Confirm with . or Enter, or press ? or * to list all spells.
Aiming: Teleport Other (dangerous; 7% risk of failure)
Press: ? - help, Shift-Dir - straight line, f - iguana
Aim: an iguana (lightly wounded, unable to see you, chance to affect: 67%)
The iguana looks slightly unstable.
The iguana bites you.
You die...

.. ... . ...
.##.## โˆ†
..##.+#....
.......#.#.#
..>.....#.#.#
........#.$ยง#
#s..##..#.l##
#...##..#@##
..h.h...#.#
..........#
####.#.#.# ..
#.#.# ###.
#.#.# โˆ†...
#.#.#
######.###.#.#
.......<...#..


You could see an iguana (unable to see you, teleporting).

Vanquished Creatures
  An orc priest (D:3)
  A hound (D:3)
  5 gnolls
  2 adders
  A worm (D:3)
  2 dart slugs (D:3)
  7 orcs
  5 bats
  3 endoplasms
  A giant cockroach (D:3)
  3 goblins
  6 hobgoblins
  2 jackals (D:1)
  4 quokkas
  8 ball pythons
  2 frilled lizards (D:2)
  5 kobolds
  9 rats
67 creatures vanquished.

Notes
Turn   | Place    | Note
-------+----------+-------------------------------------------
     0 | D:1      | arthad the Gnoll Warper began the quest for the Orb.
     0 | D:1      | Reached XP level 1. HP: 20/20 MP: 6/6
    21 | D:1      | Found Bedibraw's Weapon Boutique.
   267 | D:1      | Reached XP level 2. HP: 26/26 MP: 7/7
   334 | D:1      | Learned a level 2 spell: Blink
   337 | D:1      | Learned a level 2 spell: Lesser Beckoning
   666 | D:1      | Reached XP level 3. HP: 29/31 MP: 9/9
   801 | D:2      | Found an iron altar of Okawaru.
   857 | D:2      | Reached skill level 5 in Spellcasting
  1054 | D:2      | Reached skill level 1 in Invocations
  1478 | D:3      | Reached skill level 1 in Short Blades
  1478 | D:3      | Reached skill level 1 in Long Blades
  1478 | D:3      | Reached skill level 1 in Axes
  1478 | D:3      | Reached skill level 1 in Maces & Flails
  1478 | D:3      | Reached skill level 1 in Staves
  1478 | D:3      | Reached skill level 1 in Ranged Weapons
  1478 | D:3      | Reached skill level 1 in Stealth
  1478 | D:3      | Reached skill level 1 in Shields
  1478 | D:3      | Reached skill level 1 in Unarmed Combat
  1478 | D:3      | Reached skill level 1 in Evocations
  1484 | D:3      | Found a stormy altar of Qazlal.
  1489 | D:3      | Found a faded altar of an unknown god.
  1514 | D:3      | Reached XP level 4. HP: 22/38 MP: 11/11
  1662 | D:3      | Found a broken altar of Ashenzari.
  1782 | D:3      | Found a blossoming altar of Fedhas.
  1814 | D:2      | Reached skill level 1 in Conjurations
  1814 | D:2      | Reached skill level 1 in Hexes
  1814 | D:2      | Reached skill level 1 in Summonings
  1814 | D:2      | Reached skill level 1 in Necromancy
  1814 | D:2      | Reached skill level 1 in Transmutations
  1814 | D:2      | Reached skill level 1 in Fire Magic
  1814 | D:2      | Reached skill level 1 in Ice Magic
  1814 | D:2      | Reached skill level 1 in Air Magic
  1814 | D:2      | Reached skill level 1 in Earth Magic
  1814 | D:2      | Reached skill level 1 in Poison Magic
  1814 | D:2      | Reached skill level 1 in Shapeshifting
  1881 | D:3      | Found a bloodstained altar of Trog.
  1881 | D:3      | Found a basalt altar of Yredelemnul.
  2026 | D:3      | Reached XP level 5. HP: 8/43 MP: 12/12
  2195 | D:3      | Found a glowing golden altar of the Shining One.
  2199 | D:3      | Found an ancient bone altar of Kikubaaqudgha.
  2568 | D:3      | Learned a level 3 spell: Teleport Other
  2595 | D:4      | Found a shimmering altar of Xom.
  2597 | D:4      | Identified the +9 plate armour of the Ant {rElec rC+
                  | Stlth+}
  2602 | D:5      | Entered Level 5 of the Dungeon
  2620 | D:5      | Found a staircase to the Ecumenical Temple.
  2628 | D:5      | Slain by an iguana

Illustrated notes

Levels and vault maps discovered:
D:1:      lemuel_arrival_tunnels, layout_basic, serial_shops,
          nicolae_shop_bloodbath_and_beyond
D:2:      layout_loops_ring, basic_altar
D:3:      layout_rooms, grunt_temple_overflow_forces_of_nature, minitemple,
          nicolae_ashenzari_skybound, basic_ecumenical_altar
D:4:      layout_rooms, overflow_temple_1_default, serial_corexii_hall,
          corexii_hall_statues_t, chequers_hall_statues_y,
          corexii_hall_statues_l, chequers_hall_statues_corner_a,
          corexii_hall_statues_u, chequers_hall_statues_wall_a
D:5:      layout_basic, kennysheep_little_box, minmay_temple_entry_stoned_glass,
          st_stairs_2, kennysheep_generic_room_2

Skill      XL: |  1  2  3  4  5 |
---------------+----------------+-----
Spellcasting   | 5 |  5.2
Invocations    | 1 |  1.9
Short Blades   | 1 |  1.6
Long Blades    | 1 |  1.6
Axes           | 1 |  1.6
Maces & Flails | 1 |  1.6
Staves         | 1 |  1.6
Ranged Weapons | 1 |  1.6
Stealth        | 1 |  1.6
Shields        | 1 |  1.6
Unarmed Combat | 1 |  1.6
Evocations     | 1 |  1.6
Conjurations   | 1 |  1.3
Hexes          | 1 |  1.3
Summonings     | 1 |  1.3
Necromancy     | 1 |  1.3
Transmutations | 1 |  1.3
Fire Magic     | 1 |  1.3
Ice Magic      | 1 |  1.3
Air Magic      | 1 |  1.3
Earth Magic    | 1 |  1.3
Poison Magic   | 1 |  1.3
Shapeshifting  | 1 |  1.3
Throwing       | 3 |  3.1
Armour         | 3 |  3.1
Fighting       | |  4.8
Polearms       | |  4.8
Dodging        | |  4.8
Translocations | |  5.6

Action                     |  1- 3 |  4- 6 || total
---------------------------+-------+-------++-------
  Melee: Spear             |   149 |   163 ||   312
         Bite              |    11 |    18 ||    29
         Punch             |       |     2 ||     2
  Throw: Javelin           |       |     6 ||     6
         Dart              |       |     1 ||     1
   Cast: Blink             |       |     2 ||     2
         Teleport Other    |       |     1 ||     1
    Use: Potion            |       |     4 ||     4
   Stab: Sleeping          |     1 |     1 ||     2
 Armour: Leather armour    |    23 |    23 ||    46
  Dodge: Dodged            |    73 |    96 ||   169

Table legend: (Time is in decaauts)
 A = Elapsed time spent in this place.
 B = Non-inter-level travel time spent in this place.
 C = Inter-level travel time spent in this place.
 D = Time resting spent in this place.
 E = Time spent auto-exploring this place.
 F = Levels seen in this place.
 G = Mean time per level.
                   A        B        C        D        E       F      G
               +--------+--------+--------+--------+--------+-----+--------+
         Total |   2591 |   2539 |     52 |    247 |   1703 |   5 |  518.2 |
       Dungeon |   2591 |   2539 |     52 |    247 |   1703 |   5 |  518.2 |
               +--------+--------+--------+--------+--------+-----+--------+

Top non-repeatable levels by time:
     D:3: 861 daAuts
     D:1: 790 daAuts
     D:2: 752 daAuts
     D:4: 162 daAuts
     D:5: 24 daAuts
